Zazza, neutral female human Tourist ------- |....>| |.....| |......## |.....| # -------- |.....| ### |....... |.....| # -@--------- ##.......| ------ ##r@d.......| # |......| |ddd.......######### |....<.. |..r......| -------- ----------- Zazza the Sightseer Experience level: 5 Strength: 10 Dexterity: 12 Constitution: 17 Intelligence: 12 Wisdom: 7 Charisma: 17 Health: 0(33) Energy: 7(16) Def: 0 Gold: 56 Moves: 4985 Dungeon seed: kbkPJU5z5ryY1Q-o Game ID: Zazza_1575279768 Your Inventory: Coins $ - 56 gold pieces Weapons a - 20 +2 darts c - a +0 orcish dagger p - 8 +0 darts Armor y - an uncursed rusty +0 pair of gauntlets of power Comestibles b - 2 uncursed food rations Rings U - an uncursed ring of levitation Wands E - a wand of light (0:14) Tools k - an uncursed credit card l - a magic marker (0:48) Spells and supernatural/magical abilities: Name Level Category Fail Memory W - pray for help -- divine ? -- Your skills at the end: Fighting Skills bare handed combat [Basic] Weapon Skills dart [Basic] Spellcasting Skills Final Attributes: You were piously aligned. You were poison resistant. You were telepathic. You were a wererat. The Lady was angry with you. You are dead. Vanquished creatures: a leprechaun a wood nymph a shrieker a kobold mummy 2 gray oozes a little dog a floating eye a kitten a kobold lord a kobold shaman a rothe a rabid rat an orc zombie a dwarf zombie 3 wererats 2 iguanas an acid blob 2 hobbits 11 manes a large kobold 8 giant rats 4 cave spiders 4 yellow molds a red mold 2 geckos 7 jackals 4 foxes 2 kobolds a goblin 19 sewer rats 11 grid bugs 2 bats 8 lichens a kobold zombie 7 newts 116 creatures vanquished. Voluntary challenges: You used a wielded weapon 23 times, starting on turn 2983. You read items or engraved 12 times, starting on turn 343. You never genocided any monsters. You never polymorphed an object. You changed form 5 times, starting on turn 3509. You used no wishes. You never split a pudding. You wrote Elbereth's name 5 times, starting on turn 343. You violated your moral code, losing 15 points of alignment, starting on turn 1383. Dungeon overview: The Dungeons of Doom: levels 1 to 6 Level 1 some altars to Blind Io and Offler, a fountain a long staircase Level 2 an armor shop Level 3 a fountain, a sink Level 4 an altar to The Lady, a fountain a long staircase Level 5 <- You were here Level 6 History has recorded: On T:1 you entered the Dungeons of Doom to retrieve the Amulet of Yendor! On T:373 you reached level 2 of The Dungeons of Doom. On T:781 you reached level 3 of The Dungeons of Doom. On T:1053 you reached level 4 of The Dungeons of Doom. On T:1188 you advanced to experience level 2. On T:1345 you advanced to experience level 3. On T:1867 you advanced to experience level 4. On T:3121 you advanced to experience level 5. On T:4557 you reached level 5 of The Dungeons of Doom. On T:4672 you reached level 6 of The Dungeons of Doom. Score breakdown: Gold: 0 ( 0 points) Experience: 5 levels (11141 points) Exploration: 6 levels ( 12.24%) ( 9682 points) Discoveries: 5 items ( 1.68%) ( 3885 points) Valuables value: (no points given unless you survive) Artifact value: 0 ( 0 points) Variety of kills: 35 monsters ( 9.19%) ( 9092 points) Turncount: 4985 turns (-1350 points) Survival: died (score multiplied by 80%) Total score: 25960 Latest messages: You hit the werejackal. The jackal bites! (2x) The sewer rat misses the werejackal. The giant rat misses the jackal. The werejackal bites! You hit the werejackal. The jackal bites! (3x) The sewer rat misses the werejackal. The giant rat bites the jackal. The jackal misses the giant rat. The werejackal bites! You write in the dust with your fingers. The jackal just misses! The jackal bites! (2x) The sewer rat misses the werejackal. The giant rat misses the jackal. The werejackal changes into a human. The werejackal zaps a wand of striking! The wand hits you! You die... Final status: Aloha Zazza the Tourist, killed by a wand... You died in The Dungeons of Doom on dungeon level 5 with 25960 points, and 56 pieces of gold, after 4985 moves. You were level 5 with a maximum of 33 hit points when you died.